 Dungeon Crawl Stone Soup version 0.24-b1 (webtiles) character file.

Game seed: 17921140533188308909, levelgen mode: deterministic

1283 Mattoad the Cleaver (level 8, 0/70 HPs)
             Began as a Hill Orc Fighter on Oct 12, 2019.
             Slain by a killer bee (2 damage)
             ... on level 5 of the Dungeon.
             The game lasted 00:18:57 (4382 turns).

Mattoad the Cleaver (Hill Orc Fighter)              Turns: 4382, Time: 00:18:58

Health: 0/70       AC: 11    Str: 20 (21) XL:     8   Next: 55%
Magic:  8/8        EV:  8    Int:  6 (8)  God:
Gold:   200        SH: 10    Dex: 13 (14) Spells: 7/7 levels left

rFire    . . .     SeeInvis .   a - +0 war axe
rCold    . . .     Gourm    +   c - +0 shield
rNeg     . . .     Faith    .   b - +0 scale mail
rPois    .         Spirit   .   n - +0 helmet
rElec    .         Reflect  .   (no cloak)
rCorr    .         Harm     .   e - +2 pair of gloves
MR       .....                  (no boots)
Stlth    +.........             g - amulet of the gourmand
HPRegen  0.21/turn              h - ring of stealth
MPRegen  0.11/turn              d - +4 ring of dexterity

@: lethally poisoned (0 -> -5), flying, hasted, very quick
A: no striking features
a: no special abilities


You were on level 5 of the Dungeon.
You were full.

You visited 1 branch of the dungeon, and saw 5 of its levels.

You collected 200 gold pieces.

Inventory:

Hand Weapons
 a - a +0 war axe (weapon)
Armour
 b - a +0 scale mail (worn)
 c - a +0 shield (worn)
 e - a +2 pair of gloves (worn)
 n - a +0 helmet (worn)
Jewellery
 d - a +4 ring of dexterity (right hand)
 g - an amulet of the gourmand (around neck)
 h - a ring of stealth (left hand)
Wands
 u - a wand of flame (17)
Scrolls
 j - a scroll of remove curse
 k - a scroll of immolation
 l - a scroll of amnesia
 m - 2 scrolls of magic mapping
 o - 3 scrolls of teleportation {unknown}
 q - 3 scrolls of enchant weapon {unknown}
 r - a scroll of identify
 v - a scroll of blinking {unknown}
 w - a scroll of enchant armour {unknown}
Potions
 i - 2 potions of degeneration
 s - a potion of might
 t - a potion of experience {unknown}
Comestibles
 f - 8 rations


   Skills:
 + Level 6.1 Fighting
 + Level 9.1 Axes
 + Level 5.2 Armour
 + Level 0.2 Stealth
 + Level 6.4 Shields


You had 7 spell levels left.
You didn't know any spells.
Your spell library contained the following spells:

 Spells                   Type           Power        Failure   Level  Hunger
 Beastly Appendage        Tmut           #.....       99%         1    ##.....
 Sticks to Snakes         Tmut           #.......     99%         2    ###....
 Spider Form              Tmut/Pois      #.........   100%        3    ####...
 Ice Form                 Ice/Tmut       #.......     100%        4    #####..
 Blade Hands              Tmut           #.........   100%        5    ######.


Dungeon Overview and Level Annotations

Branches:
Dungeon (5/15)
 Temple: D:4-7

Altars:
Gozag
Nemelex Xobeh
Ru
Sif Muna

Shops:
D:3 *   D:4 (


Message History

* * * LOW HITPOINT WARNING * * *
The killer bee stings you but does no damage.
The killer bee stings you.
* * * LOW HITPOINT WARNING * * *
The killer bee stings you but does no damage.
You feel sick. The killer bee barely misses you.
The killer bee stings you but does no damage.
You block the killer bee's attack.
You feel sick.
It was a potion of flight.
You feel very buoyant.
You fly up into the air.
You block the killer bee's attack.
The killer bee stings you but does no damage.
The killer bee barely misses you. You block the killer bee's attack.
It was a potion of haste.
You feel yourself speed up.
You feel sick.
The killer bee stings you but does no damage.
The killer bee stings you.
* * * LOW HITPOINT WARNING * * *
The killer bee stings you.
You die...

#########.....†..# #........
################.#
##........ ...........#
..#.#+##........
...###.###.# #.#....#.(....#
##.# #..##.#.#.#....#......#
##.# ##.##)#.#.#...........#
#######..#.#...............#
..#......#.###.#y..........#
..'..........†Wy@.....######
..#........#######....#
..#...................#
..#...#'#....#####.#+##
..#...........####.#.#
.y#...#.#............#
..#...#.#....#####.###
yy#...#.#[......##.#
+...........


You could see a phantom and 2 killer bees.

Vanquished Creatures
  Sigmund (D:2)
  The ghost of dvd2 the Stinger, an amateur OpVM (D:3)
  2 sky beasts (D:5)
  An ogre (D:4)
  Blork the orc (D:5)
  2 killer bees (D:5)
  A crimson imp (D:5)
  3 quasits (D:3)
  A bullfrog skeleton (D:4)
  3 iguanas
  2 orc wizards
  2 worker ants (D:4)
  10 adders
  2 shadow imps (D:5)
  5 oozes (D:1)
  2 adder skeletons
  5 worms
  2 dart slugs
  6 leopard geckos
  10 orcs
  7 giant cockroaches
  9 goblins
  5 hobgoblins
  8 jackals
  2 quokkas (D:5)
  9 bats
  11 frilled lizards
  11 kobolds
  A leopard gecko skeleton (D:4)
  12 rats
137 creatures vanquished.

Vanquished Creatures (others)
  A goblin (D:2)
  A hobgoblin (D:2)
2 creatures vanquished.

Grand Total: 139 creatures vanquished

Notes
Turn   | Place    | Note
-------+----------+-------------------------------------------
     0 | D:1      | Mattoad the Hill Orc Fighter began the quest for the Orb.
     0 | D:1      | Reached XP level 1. HP: 19/19 MP: 1/1
     1 | D:1      | Found a runed translucent door.
    14 | D:1      | Reached XP level 2. HP: 20/27 MP: 2/2
    27 | D:1      | Reached skill level 3 in Axes
    27 | D:1      | Reached XP level 3. HP: 21/33 MP: 3/3
   381 | D:1      | Reached XP level 4. HP: 38/41 MP: 4/4
   796 | D:2      | Noticed Sigmund
   808 | D:2      | Killed Sigmund
   808 | D:2      | Reached skill level 5 in Axes
   808 | D:2      | Reached XP level 5. HP: 12/47 MP: 5/5
   808 | D:2      | Reached XP level 6. HP: 14/53 MP: 6/6
  1103 | D:2      | Found a shimmering blue altar of Sif Muna.
  1136 | D:2      | Reached skill level 5 in Shields
  1904 | D:3      | Found a transporter.
  1952 | D:3      | Noticed dvd2's ghost (amateur OpVM)
  2023 | D:3      | Found a transporter.
  2107 | D:3      | Reached skill level 6 in Axes
  2107 | D:3      | Killed dvd2's ghost
  2107 | D:3      | Reached skill level 5 in Fighting
  2107 | D:3      | Reached XP level 7. HP: 27/61 MP: 7/7
  2445 | D:3      | Found a sparkling altar of Nemelex Xobeh.
  2445 | D:3      | Found a sacrificial altar of Ru.
  2497 | D:3      | Found an opulent altar of Gozag.
  2523 | D:3      | Reached skill level 7 in Axes
  2537 | D:3      | Found Gozag's Platinum Reserve.
  3034 | D:4      | Found Faqyixti's Weapon Shoppe.
  3538 | D:4      | Reached XP level 8. HP: 52/69 MP: 8/8
  3912 | D:5      | Entered Level 5 of the Dungeon
  3937 | D:5      | Reached skill level 8 in Axes
  4055 | D:5      | Noticed Blork the orc
  4072 | D:5      | Killed Blork the orc
  4273 | D:5      | Reached skill level 5 in Armour
  4375 | D:5      | Reached skill level 9 in Axes
  4382 | D:5      | HP: 2/70 [killer bee (5)]
  4382 | D:5      | Slain by a killer bee

Skill      XL: |  1  2  3  4  5  6  7  8 |
---------------+-------------------------+-----
Fighting       | 4 5 6 |  6.1
Axes           | 3 5 6 7 9 |  9.1
Shields        | 4 5 6 |  6.4
Armour         | 4 5 |  5.2
Stealth        | |  0.2

Action                   |  1- 3 |  4- 6 |  7- 9 || total
-------------------------+-------+-------+-------++-------
Melee: War axe           |    96 |   167 |   209 ||   472
  Use: Potion            |       |     4 |     3 ||     7
       Scroll            |       |     3 |     3 ||     6
  Eat: Chunk             |       |     8 |     3 ||    11
       Ration            |       |     1 |     1 ||     2
Armor: Scale mail        |    51 |   172 |    98 ||   321
Dodge: Dodged            |    39 |   112 |    78 ||   229
Block: Shield            |    65 |   159 |   147 ||   371
